| TOP OF THE 1ST |
|
Houston Colt .45's batting - Pitching for Victoria Capitals : LHP Andy Mathis
|
|
Pitching: LHP Andy Mathis
|
|
|
Batting: RHB Jarno van Lente
|
0-0: Ball 1-0: Ball 2-0: SINGLE (Line Drive, 78M, EV 100.0 MPH)
|
|
Batting: LHB Bob Dietz
|
0-0: Called Strike 0-1: Ball 1-1: Called Strike 1-2: Strikes out swinging
|
|
Batting: LHB Angelo Vasquez
|
0-0: Ball 1-0: Ball 2-0: Ball 3-0: Base on Balls Jarno van Lente to second
|
|
Batting: RHB Juan Mendoza
|
0-0: Ball 1-0: Called Strike 1-1: SINGLE (Line Drive, 8LS, EV 95.6 MPH) Jarno van Lente to third Angelo Vasquez to second Runner from 3rd tries for Home, SAFE, throw by CF to home
|
|
Batting: RHB Sean Mounts
|
0-0: Foul Ball, location: 2F 0-1: Ball 1-1: Ball 2-1: Fielders Choice at 2nd, 4-6 (Groundball, 4, EV 103.8 MPH) Angelo Vasquez to third
|
|
Batting: LHB Jackson Trottier
|
0-0: Foul Ball, location: 2F 0-1: Fly out, F7 (Flyball, 7D, EV 79.4 MPH)
|
| Top of the 1st over - 1 run, 2 hits, 0 errors, 2 left on base; Houston 1 - Victoria 0 |
| BOTTOM OF THE 1ST |
|
Victoria Capitals batting - Pitching for Houston Colt .45's : RHP Hector Carrillo
|
|
Pitching: RHP Hector Carrillo
|
|
|
Batting: RHB Heihachiro Fujita
|
0-0: Ball 1-0: Called Strike 1-1: Ball 2-1: Ground out 6-3 (Groundball, 6, EV 78.8 MPH)
|
|
Batting: RHB Victor Rosas
|
0-0: Ball 1-0: Called Strike 1-1: Ball 2-1: Ball 3-1: Ground out 6-3 (Groundball, 6, EV 110.0 MPH)
|
|
Batting: RHB Nick Edmunds
|
0-0: Foul Ball, location: 2F 0-1: Ball 1-1: Ball 2-1: Ball 3-1: Base on Balls
|
|
Batting: LHB Chang Huie
|
0-0: Called Strike 0-1: Ball Nick Edmunds is caught stealing 2nd base 2-6
|
| Bottom of the 1st over - 0 runs, 0 hits, 0 errors, 0 left on base; Houston 1 - Victoria 0 |
| TOP OF THE 2ND |
|
Houston Colt .45's batting - Pitching for Victoria Capitals : LHP Andy Mathis
|
|
Batting: RHB Keith Goodwin
|
0-0: Ball 1-0: Ball 2-0: Reached on error, E6 (Groundball, 6, EV 82.5 MPH)
|
|
Batting: LHB Lou Toth
|
0-0: Foul Ball, location: 2F 0-1: Ball 1-1: DOUBLE (Groundball, 3L, EV 102.5 MPH) Keith Goodwin to third
|
|
Batting: RHB To-wai Chen
|
0-0: Fly out, F7 (Flyball, 78M, EV 92.5 MPH) Runner from 3rd tags up, SCORES, throw by LF
|
|
Batting: RHB Jarno van Lente
|
0-0: Called Strike 0-1: Fly out, F7 (Flyball, 7D, EV 108.1 MPH)
|
|
Batting: LHB Bob Dietz
|
0-0: SINGLE (Line Drive, 78S, EV 96.3 MPH) Lou Toth to third Throwing error, E8 Lou Toth scores Bob Dietz to second
|
|
Batting: LHB Angelo Vasquez
|
0-0: Swinging Strike 0-1: Ball 1-1: Foul Ball, location: 2F 1-2: Ball 2-2: Ball 3-2: Foul Ball, location: 2F 3-2: Base on Balls
|
|
Batting: RHB Juan Mendoza
|
0-0: Foul Ball, location: 2F 0-1: Ball Wild Pitch! Bob Dietz to third Angelo Vasquez to second 1-1: Ball 2-1: SINGLE (Line Drive, 6D, EV 98.8 MPH) Bob Dietz scores Angelo Vasquez to third Runner from 3rd tries for Home, SAFE, throw by CF to home
|
|
Batting: RHB Sean Mounts
|
Pickoff Throw to First - Out! 1-3
|
| Top of the 2nd over - 4 runs, 3 hits, 2 errors, 0 left on base; Houston 5 - Victoria 0 |
| BOTTOM OF THE 2ND |
|
Victoria Capitals batting - Pitching for Houston Colt .45's : RHP Hector Carrillo
|
|
Batting: LHB Chang Huie
|
0-0: Ground out U3 (Groundball, 3, EV 104.4 MPH)
|
|
Batting: RHB Danny Pujols
|
0-0: Called Strike 0-1: Called Strike 0-2: Strikes out looking
|
|
Batting: SHB Frank Amato
|
0-0: Called Strike 0-1: DOUBLE (Line Drive, 8RXD, EV 107.5 MPH)
|
|
Batting: SHB Ray Skogen
|
0-0: Ball 1-0: Called Strike 1-1: DOUBLE (Flyball, 8RXD, EV 106.3 MPH) Frank Amato scores
|
|
Batting: RHB John Vasquez
|
0-0: Called Strike 0-1: Ground out 6-3 (Groundball, 6M, EV 81.3 MPH)
|
| Bottom of the 2nd over - 1 run, 2 hits, 0 errors, 1 left on base; Houston 5 - Victoria 1 |
| TOP OF THE 3RD |
|
Houston Colt .45's batting - Pitching for Victoria Capitals : LHP Andy Mathis
|
|
Batting: RHB Sean Mounts
|
0-0: Called Strike 0-1: Ball 1-1: Fly out, F8 (Flyball, 78D, EV 101.3 MPH)
|
|
Batting: LHB Jackson Trottier
|
0-0: Foul Ball, location: 2F 0-1: Ball 1-1: Fly out, F9 (Flyball, 89M, EV 86.3 MPH)
|
|
Batting: RHB Keith Goodwin
|
0-0: Swinging Strike 0-1: Foul Ball, location: 2F 0-2: Ball 1-2: Foul Ball, location: 2F 1-2: SINGLE (Groundball, 6D, EV 100.0 MPH)
|
|
Batting: LHB Lou Toth
|
0-0: Ball 1-0: Called Strike 1-1: Swinging Strike 1-2: Ball 2-2: Ball 3-2: SINGLE (Groundball, 34D, EV 105.0 MPH) Keith Goodwin to second Keith Goodwin to third
|
|
Batting: RHB To-wai Chen
|
0-0: Called Strike 0-1: Fielders Choice at 2nd, 6-4 (Groundball, 56D, EV 93.1 MPH)
|
| Top of the 3rd over - 0 runs, 2 hits, 0 errors, 2 left on base; Houston 5 - Victoria 1 |
| BOTTOM OF THE 3RD |
|
Victoria Capitals batting - Pitching for Houston Colt .45's : RHP Hector Carrillo
|
|
Batting: RHB Jesus Santiago
|
0-0: Foul Ball, location: 2F 0-1: Ball 1-1: DOUBLE (Flyball, 89XD, EV 97.5 MPH)
|
|
Batting: RHB Heihachiro Fujita
|
0-0: Ball 1-0: Ball 2-0: Ball 3-0: Called Strike 3-1: Base on Balls
|
|
Batting: RHB Victor Rosas
|
0-0: Swinging Strike 0-1: Foul Ball, location: 2F 0-2: Fielders Choice at 2nd, 6-4 (Groundball, 6, EV 84.4 MPH) Jesus Santiago to third
|
|
Batting: RHB Nick Edmunds
|
0-0: Called Strike 0-1: Foul Ball, location: 2F 0-2: Foul Ball, location: 2F 0-2: Ball 1-2: Ball 2-2: Grounds into double play, 5-4-3 (Groundball, 56, EV 105.0 MPH)
|
| Bottom of the 3rd over - 0 runs, 1 hit, 0 errors, 1 left on base; Houston 5 - Victoria 1 |
| TOP OF THE 4TH |
|
Houston Colt .45's batting - Pitching for Victoria Capitals : LHP Andy Mathis
|
|
Batting: RHB Jarno van Lente
|
0-0: Called Strike 0-1: Ball 1-1: Called Strike 1-2: SINGLE (Groundball, 6MD, EV 108.8 MPH)
|
|
Batting: LHB Bob Dietz
|
0-0: Swinging Strike 0-1: Called Strike 0-2: Ball 1-2: Fly out, F7 (Flyball, 7, EV 89.4 MPH)
|
|
Batting: LHB Angelo Vasquez
|
0-0: Foul Ball, location: 2F 0-1: Ball Jarno van Lente steals 2nd base 1-1: Foul Ball, location: 2F 1-2: Ball 2-2: Fly out, F9 (Flyball, 9S, EV 78.1 MPH)
|
|
Batting: RHB Juan Mendoza
|
0-0: Ground out 5-3 (Groundball, 5S, EV 90.0 MPH)
|
| Top of the 4th over - 0 runs, 1 hit, 0 errors, 1 left on base; Houston 5 - Victoria 1 |
| BOTTOM OF THE 4TH |
|
Victoria Capitals batting - Pitching for Houston Colt .45's : RHP Hector Carrillo
|
|
Batting: LHB Chang Huie
|
0-0: Ball 1-0: Ball 2-0: Foul Ball, location: 2F 2-1: SINGLE (Groundball, 6MD, EV 99.4 MPH)
|
|
Batting: RHB Danny Pujols
|
0-0: Ball 1-0: Fly out, F6 (Popup, 6M, EV 60.6 MPH)
|
|
Batting: SHB Frank Amato
|
0-0: Called Strike 0-1: Ball Chang Huie steals 2nd base 1-1: Ball 2-1: Ball 3-1: Foul Ball, location: 2F 3-2: TRIPLE (Line Drive, 89XD, EV 113.1 MPH) Chang Huie scores
|
|
Batting: SHB Ray Skogen
|
0-0: Ground out U3 (Groundball, 3, EV 104.4 MPH)
|
|
Batting: RHB John Vasquez
|
0-0: Called Strike 0-1: Ball 1-1: Ball 2-1: Called Strike 2-2: SINGLE (Groundball, 34D, EV 105.6 MPH) Frank Amato scores
|
|
Batting: RHB Jesus Santiago
|
0-0: Ball 1-0: Ball John Vasquez steals 2nd base 2-0: Ground out 5-3 (Groundball, 56, EV 101.9 MPH)
|
| Bottom of the 4th over - 2 runs, 3 hits, 0 errors, 1 left on base; Houston 5 - Victoria 3 |
| TOP OF THE 5TH |
|
Houston Colt .45's batting - Pitching for Victoria Capitals : LHP Andy Mathis
|
|
Batting: RHB Sean Mounts
|
0-0: Foul Ball, location: 2F 0-1: Fly out, F4 (Popup, 4D, EV 75.0 MPH)
|
|
Batting: LHB Jackson Trottier
|
0-0: Ball 1-0: Ball 2-0: Called Strike 2-1: Ball 3-1: Base on Balls
|
|
Batting: RHB Keith Goodwin
|
0-0: Ball 1-0: Foul Ball, location: 2F 1-1: Swinging Strike 1-2: SINGLE (Flyball, 8LS, EV 93.1 MPH) Jackson Trottier to second Runner from 2nd tries for 3rd, SAFE, throw by CF made to third
|
|
Batting: LHB Lou Toth
|
0-0: SINGLE (Groundball, 34D, EV 110.6 MPH) Jackson Trottier scores Keith Goodwin to second
|
|
Batting: RHB To-wai Chen
|
0-0: Ball 1-0: Called Strike 1-1: SINGLE (Line Drive, 8RM, EV 90.6 MPH) Keith Goodwin to third Lou Toth to second
|
|
Batting: RHB Jarno van Lente
|
0-0: Foul Ball, location: 2F 0-1: Called Strike 0-2: Foul Ball, location: 2F 0-2: Ball 1-2: Ball 2-2: Strikes out swinging
|
|
Batting: LHB Bob Dietz
|
0-0: Fly out, F9 (Flyball, 9, EV 78.8 MPH)
|
| Top of the 5th over - 1 run, 3 hits, 0 errors, 3 left on base; Houston 6 - Victoria 3 |
| BOTTOM OF THE 5TH |
|
Victoria Capitals batting - Pitching for Houston Colt .45's : RHP Hector Carrillo
|
|
Batting: RHB Heihachiro Fujita
|
0-0: Swinging Strike 0-1: Fly out, F7 (Flyball, 7D, EV 93.8 MPH)
|
|
Batting: RHB Victor Rosas
|
0-0: Ball 1-0: Ground out 5-3 (Groundball, 56S, EV 81.3 MPH)
|
|
Batting: RHB Nick Edmunds
|
0-0: Ball 1-0: Foul Ball, location: 2F 1-1: Foul Ball, location: 2F 1-2: Foul Ball, location: 2F 1-2: Ball 2-2: SINGLE (Groundball, 6MD, EV 94.4 MPH)
|
|
Batting: LHB Chang Huie
|
0-0: Called Strike 0-1: Ball 1-1: Ball 2-1: Ball 3-1: Foul Ball, location: 2F 3-2: SINGLE (Groundball, 6M, EV 98.1 MPH) Nick Edmunds to second Nick Edmunds to third
|
|
Batting: RHB Danny Pujols
|
0-0: Ball 1-0: Called Strike 1-1: Ball 2-1: SINGLE (Flyball, 9LS, EV 98.1 MPH) Nick Edmunds scores Chang Huie to second Throwing error, E9 Chang Huie scores Danny Pujols to second
|
|
Pitching: RHP Devin Spears
|
|
|
Batting: SHB Frank Amato
|
0-0: Ball 1-0: Ball 2-0: Foul Ball, location: 2F 2-1: Foul Ball, location: 2F 2-2: Foul Ball, location: 2F 2-2: Ground out U3 (Groundball, 34, EV 103.1 MPH)
|
| Bottom of the 5th over - 2 runs, 3 hits, 1 error, 1 left on base; Houston 6 - Victoria 5 |
| TOP OF THE 6TH |
|
Houston Colt .45's batting - Pitching for Victoria Capitals : LHP Andy Mathis
|
|
Batting: LHB Angelo Vasquez
|
0-0: Called Strike 0-1: Swinging Strike 0-2: Ball 1-2: Ball 2-2: Ball 3-2: Base on Balls
|
|
Batting: RHB Juan Mendoza
|
0-0: Ball 1-0: Ball 2-0: Called Strike 2-1: Fly out, F9 (Flyball, 9LS, EV 91.3 MPH)
|
|
Pitching: RHP Jose Acevedo
|
|
|
Batting: RHB Sean Mounts
|
0-0: Foul Ball, location: 2F 0-1: Ball 1-1: SINGLE (Flyball, 34D, EV 93.1 MPH) Angelo Vasquez to second
|
|
Batting: LHB Jackson Trottier
|
0-0: Ball 1-0: Foul Ball, location: 2F 1-1: Swinging Strike 1-2: Ground out 4-3 (Groundball, 34D, EV 100.0 MPH) Angelo Vasquez to third Sean Mounts to second
|
|
Batting: RHB Keith Goodwin
|
0-0: Called Strike 0-1: Swinging Strike 0-2: Strikes out swinging
|
| Top of the 6th over - 0 runs, 1 hit, 0 errors, 2 left on base; Houston 6 - Victoria 5 |
| BOTTOM OF THE 6TH |
|
Victoria Capitals batting - Pitching for Houston Colt .45's : RHP Devin Spears
|
|
Batting: SHB Ray Skogen
|
0-0: SINGLE (Flyball, 9S, EV 91.3 MPH)
|
|
Batting: RHB John Vasquez
|
0-0: Swinging Strike 0-1: Ball 1-1: Fly out, F5 (Popup, 25F, EV 84.4 MPH)
|
|
Batting: RHB Jesus Santiago
|
0-0: Called Strike Ray Skogen steals 2nd base 0-1: Ball 1-1: Swinging Strike 1-2: Ball 2-2: Strikes out swinging
|
|
Batting: SHB Carlos Luna
|
0-0: Swinging Strike 0-1: Swinging Strike 0-2: Ball 1-2: Ball 2-2: SINGLE (Line Drive, 7LS, EV 110.6 MPH) Ray Skogen to third Runner from 3rd tries for Home, SAFE, throw by LF to home
|
|
Batting: RHB Victor Rosas
|
0-0: Ball 1-0: Fly out, F4 (Flyball, 3D, EV 78.1 MPH)
|
| Bottom of the 6th over - 1 run, 2 hits, 0 errors, 1 left on base; Houston 6 - Victoria 6 |
| TOP OF THE 7TH |
|
Houston Colt .45's batting - Pitching for Victoria Capitals : RHP Jose Acevedo
|
|
Pitching: RHP Willie Sanchez
|
|
|
Batting: LHB Lou Toth
|
0-0: Foul Ball, location: 2F 0-1: Swinging Strike 0-2: Ball 1-2: Strikes out looking
|
|
Batting: RHB To-wai Chen
|
0-0: Ball 1-0: Ball 2-0: Fly out, F5 (Popup, 5SF, EV 68.8 MPH)
|
|
Batting: RHB Jarno van Lente
|
0-0: Called Strike 0-1: Swinging Strike 0-2: Ball 1-2: Strikes out swinging
|
| Top of the 7th over - 0 runs, 0 hits, 0 errors, 0 left on base; Houston 6 - Victoria 6 |
| BOTTOM OF THE 7TH |
|
Victoria Capitals batting - Pitching for Houston Colt .45's : RHP Devin Spears
|
|
Batting: RHB Nick Edmunds
|
0-0: Called Strike 0-1: Foul Ball, location: 2F 0-2: Ball 1-2: SINGLE (Groundball, 56S, EV 66.3 MPH) (infield hit)
|
|
Batting: LHB Chang Huie
|
0-0: Ball Nick Edmunds steals 2nd base 1-0: SINGLE (Line Drive, 4MD, EV 98.1 MPH) Nick Edmunds to third
|
|
Pinch Hitting: LHB Taki Matsui
|
|
|
Pitching: LHP Mike Holloway
|
0-0: Called Strike 0-1: Ball 1-1: Ball 2-1: Foul Ball, location: 2F 2-2: Strikes out swinging
|
|
Batting: SHB Frank Amato
|
0-0: Ball Chang Huie is caught stealing 2nd base 2-4 1-0: Called Strike 1-1: Called Strike 1-2: Strikes out looking
|
| Bottom of the 7th over - 0 runs, 2 hits, 0 errors, 1 left on base; Houston 6 - Victoria 6 |
| TOP OF THE 8TH |
|
Houston Colt .45's batting - Pitching for Victoria Capitals : RHP Willie Sanchez
|
|
Now at 2B: Tomokazu Sugimoto
|
|
|
Batting: LHB Bob Dietz
|
0-0: Ball 1-0: Foul Ball, location: 2F 1-1: Ball 2-1: Foul Ball, location: 2F 2-2: Foul Ball, location: 2F 2-2: Strikes out swinging, 2-3 out at first.
|
|
Batting: LHB Angelo Vasquez
|
0-0: Called Strike 0-1: Ball 1-1: Ball 2-1: Called Strike 2-2: Ball 3-2: DOUBLE (Flyball, 8LXD, EV 98.1 MPH)
|
|
Batting: RHB Juan Mendoza
|
0-0: Ball 1-0: Ball 2-0: Foul Ball, location: 2F 2-1: Swinging Strike 2-2: Ball 3-2: Base on Balls
|
|
Batting: RHB Sean Mounts
|
0-0: Called Strike 0-1: Swinging Strike 0-2: Ball 1-2: Foul Ball, location: 2F 1-2: Strikes out swinging
|
|
Batting: LHB Jackson Trottier
|
0-0: Called Strike 0-1: Ball 1-1: Called Strike 1-2: Ball 2-2: Foul Ball, location: 2F 2-2: Strikes out looking
|
| Top of the 8th over - 0 runs, 1 hit, 0 errors, 2 left on base; Houston 6 - Victoria 6 |
| BOTTOM OF THE 8TH |
|
Victoria Capitals batting - Pitching for Houston Colt .45's : LHP Mike Holloway
|
|
Pitching: RHP Mike Wirick
|
|
|
Batting: SHB Ray Skogen
|
0-0: Ball 1-0: Ball 2-0: Fly out, F9 (Flyball, 89D, EV 104.4 MPH)
|
|
Batting: RHB John Vasquez
|
0-0: Ball 1-0: Foul Ball, location: 2F 1-1: Foul Ball, location: 2F 1-2: Ball 2-2: Foul Ball, location: 2F 2-2: Ball 3-2: Foul Ball, location: 2F 3-2: Fly out, F9 (Flyball, 9, EV 91.9 MPH)
|
|
Batting: RHB Jesus Santiago
|
0-0: Called Strike 0-1: Called Strike 0-2: Strikes out swinging
|
| Bottom of the 8th over - 0 runs, 0 hits, 0 errors, 0 left on base; Houston 6 - Victoria 6 |
| TOP OF THE 9TH |
|
Houston Colt .45's batting - Pitching for Victoria Capitals : RHP Willie Sanchez
|
|
Pitching: RHP In Bea
|
|
|
Batting: RHB Keith Goodwin
|
0-0: Called Strike 0-1: Ball 1-1: Foul Ball, location: 2F 1-2: Ball 2-2: Strikes out swinging
|
|
Batting: LHB Lou Toth
|
0-0: Ball 1-0: Called Strike 1-1: Foul Ball, location: 2F 1-2: Strikes out swinging
|
|
Batting: RHB To-wai Chen
|
0-0: Ball 1-0: Called Strike 1-1: Foul Ball, location: 2F 1-2: Strikes out swinging
|
| Top of the 9th over - 0 runs, 0 hits, 0 errors, 0 left on base; Houston 6 - Victoria 6 |
| BOTTOM OF THE 9TH |
|
Victoria Capitals batting - Pitching for Houston Colt .45's : RHP Mike Wirick
|
|
Pitching: LHP T.J. Westover
|
|
|
Batting: SHB Carlos Luna
|
0-0: Ball 1-0: Foul Ball, location: 2F 1-1: Ball 2-1: Ball 3-1: Called Strike 3-2: Foul Ball, location: 2F 3-2: Base on Balls
|
|
Batting: RHB Victor Rosas
|
0-0: Called Strike 0-1: Ball 1-1: Ball 2-1: Ball 3-1: 2-RUN HOME RUN (Flyball, 7D, EV 96.3 MPH), Distance : 371 ft
|
| Bottom of the 9th over - 2 runs, 1 hit, 0 errors, 0 left on base; Houston 6 - Victoria 8 |
| |
|
Game Over ... Victoria defeats Houston, 8 to 6
|
|
|